 Dungeon Crawl Stone Soup version 0.26.0-10-g1f06aea511 (webtiles) character file.

Game seed: 8800903478899706345

1451 Borgoz the Slasher (level 8, -1/69 HPs)
             Began as a Ghoul Gladiator on Jan 18, 2021.
             Was an Initiate of Okawaru.
             Slain by an orc warrior
             ... wielding a +0 trident
              (18 damage)
             ... on level 6 of the Dungeon.
             The game lasted 00:06:31 (6227 turns).

Borgoz the Slasher (Ghoul Gladiator)                Turns: 6227, Time: 00:06:32

Health: -1/69      AC: 11    Str: 18    XL:     8   Next: 75%
Magic:  7/7        EV: 18    Int:  3    God:    Okawaru [......]
Gold:   330        SH:  0    Dex: 12    Spells: 7/7 levels left

rFire    . . .     SeeInvis .   a - +1 long sword
rCold    + . .     Faith    .   (no shield)
rNeg     + + +     Spirit   .   s - +1 leather armour "Buer" {Stlth+}
rPois    ∞         Reflect  .   c - +1 helmet
rElec    .         Harm     .   o - +0 cloak
rCorr    .         Rampage  .   (no gloves)
Will     .....                  (no boots)
Stlth    ++........             (no amulet)
HPRegen  0.00/turn              m - +4 ring of protection
MPRegen  0.10/turn              j - +4 ring of evasion

@: no status effects
A: claws 1, cold resistance 1, negative energy resistance 3, inhibited
regeneration, torment resistance, unbreathing
a: Renounce Religion


You were on level 6 of the Dungeon.
You worshipped Okawaru.
Okawaru was noncommittal.
You visited 2 branches of the dungeon, and saw 7 of its levels.

You collected 330 gold pieces.

Inventory:

Hand Weapons
 a - a +1 long sword (weapon)
Armour
 c - a +1 helmet (worn)
 h - a +0 ring mail
 o - a +0 cloak (worn)
 s - the +1 leather armour "Buer" (worn) {Stlth+}
   (You took it off an orc wizard in the Ecumenical Temple)

   It makes you more stealthy.
Jewellery
 f - an uncursed ring of resist corrosion
 j - a +4 ring of evasion (right claw)
 m - a +4 ring of protection (left claw)
Wands
 b - a wand of flame (26)
 k - a wand of iceblast (10)
 l - a wand of paralysis (6)
Scrolls
 g - a scroll of blinking {unknown}
 i - 2 scrolls of enchant armour
 q - 2 scrolls of remove curse
Potions
 e - a potion of attraction {unknown}
 n - 2 potions of mutation {unknown}


   Skills:
 + Level 5.5 Fighting
 * Level 6.6 Long Blades
 - Level 1.7 Throwing
 + Level 4.1 Armour
 + Level 5.0 Dodging


You had 7 spell levels left.
You didn't know any spells.
Your spell library was empty.

Dungeon Overview and Level Annotations

Branches:
Dungeon (6/15)             Temple (1/1) D:6

Altars:
Ashenzari
Dithmenos
Elyvilon
Fedhas
Makhleb
Nemelex Xobeh
Okawaru
Qazlal
Ru
Sif Muna
Vehumet
Xom
Yredelemnul
Zin
The Shining One


Innate Abilities, Weirdness & Mutations

You thrive by killing the living.
You are immune to poison.
You have sharp fingernails.
Your flesh is cold resistant. (rC+)
You are immune to negative energy. (rN+++)
You do not regenerate when monsters are visible.
You are immune to unholy pain and torment.
You can survive without breathing.


Message History

You barely miss the white imp. The orc warrior closely misses you.
The white imp hits you but does no damage.
You slash the white imp!
The white imp is severely wounded.
The orc warrior hits you with a +0 trident.
The white imp barely misses you.
You closely miss the white imp.
The white imp is severely wounded.
The orc warrior hits you with a +0 trident.
The white imp completely misses you.
You riposte.
You slash the white imp!
You kill the white imp!
Okawaru accepts your kill.
You hit the orc warrior but do no damage.
The orc warrior is heavily wounded.
The orc warrior hits you with a +0 trident!
* * * LOW HITPOINT WARNING * * *
You closely miss the orc warrior.
The orc warrior is heavily wounded.
The orc warrior hits you with a +0 trident!!
You die...

###...######..######***,,,,,,,,,*
.#..................,,,,,,,,,,,,+
.#..########.#######***,,,,,,,,,*
.#..# #.#########*,,,,,,,,,*
.#<.# #.........##,,,,,,,,,*
###.########.##...##..###*****,*,
.............##.(÷##.....,,,**,*,
...††................#*****,**,,,
................@....# *,***,,
...............o.....# *,,**,,
.............##...##.#******,**,,
#######......##...##..#*,,,,,,,,,
*******#####....(.....#*,***,,***
,,,,,,,,,,,######.....#*,* **,*
,,,,,,,,,,,*** #.....#*,* *,**
,,,,,,,,,,,,,* #.....#*,* *,,*
,,,,,,,,,,,,,* #.....+,,* **,*


You could see an orc warrior.

Vanquished Creatures
  Sigmund (D:2)
  Duvessa (D:5)
  2 ogres
  A centaur (D:6)
  2 bullfrogs
  Dowan (D:5)
  A howler monkey (D:4)
  A crimson imp (D:2)
  A hound (D:4)
  4 orc wizards
  3 orc priests
  A bullfrog skeleton (D:5)
  Jessica (D:2)
  2 iguanas
  3 worker ants
  A hound zombie (D:5)
  Robin (D:4)
  8 adders
  2 shadow imps (D:5)
  A white imp (D:6)
  An ufetubus (D:5)
  2 worms (D:4)
  2 dart slugs
  4 leopard geckos
  13 orcs
  6 bats
  3 giant cockroaches
  13 goblins
  7 hobgoblins
  8 jackals
  5 quokkas
  A ball python (D:2)
  5 frilled lizards
  A goblin zombie (D:5)
  2 hobgoblin zombies (D:5)
  5 kobolds
  A kobold skeleton (D:5)
  A kobold zombie (D:5)
  An orc skeleton (D:5)
  2 orc zombies (D:5)
  9 rats
130 creatures vanquished.

Vanquished Creatures (others)
  An orc wizard (D:3)
1 creature vanquished.

Grand Total: 131 creatures vanquished

Notes
Turn   | Place    | Note
-------+----------+-------------------------------------------
     0 | D:1      | Borgoz the Ghoul Gladiator began the quest for the Orb.
     0 | D:1      | Reached XP level 1. HP: 17/17 MP: 0/0
   457 | D:1      | Reached XP level 2. HP: 24/25 MP: 1/1
   516 | D:1      | You fall into a shaft and drop 1 floor!
   526 | D:2      | Reached skill level 3 in Long Blades
   554 | D:2      | Reached XP level 3. HP: 30/30 MP: 2/2
   737 | D:2      | Reached skill level 1 in Armour
   755 | D:2      | Noticed Jessica
   760 | D:2      | Killed Jessica
   761 | D:2      | Reached XP level 4. HP: 34/37 MP: 3/3
   953 | D:2      | Found a burning altar of Makhleb.
  1124 | D:3      | Reached XP level 5. HP: 45/45 MP: 4/4
  1744 | D:3      | Reached skill level 4 in Long Blades
  2265 | D:3      | Reached XP level 6. HP: 14/51 MP: 5/5
  2757 | D:3      | Found a glowing silver altar of Zin.
  2928 | D:2      | Noticed Sigmund
  2941 | D:2      | Killed Sigmund
  2942 | D:2      | Reached skill level 5 in Long Blades
  2942 | D:2      | Reached XP level 7. HP: 38/59 MP: 6/6
  3687 | D:4      | Noticed Robin
  3712 | D:4      | Killed Robin
  3846 | D:4      | Got a colourful robe
  3857 | D:4      | Identified the cursed +1 robe of Henotheism {rElec Dex+3}
                  | (You found it on level 4 of the Dungeon)
  4005 | D:4      | Found a broken altar of Ashenzari.
  4436 | D:4      | Found a sacrificial altar of Ru.
  4580 | D:5      | Entered Level 5 of the Dungeon
  4660 | D:5      | Reached XP level 8. HP: 53/67 MP: 7/7
  5146 | D:5      | Found a radiant altar of Vehumet.
  5227 | D:5      | Found a glowing golden altar of the Shining One.
  5292 | D:5      | Reached skill level 6 in Long Blades
  5327 | D:5      | Noticed Duvessa
  5328 | D:5      | Noticed Dowan
  5344 | D:5      | Killed Duvessa
  5345 | D:5      | Reached skill level 5 in Fighting
  5363 | D:5      | Killed Dowan
  5956 | D:6      | Found a staircase to the Ecumenical Temple.
  5965 | Temple   | Entered the Ecumenical Temple
  6044 | Temple   | Became a worshipper of Warmaster Okawaru
  6131 | D:6      | Identified the +1 leather armour "Buer" {Stlth+}
  6146 | Temple   | Reached skill level 5 in Dodging
  6227 | D:6      | Slain by an orc warrior

Illustrated notes

Levels and vault maps discovered:
D:1:      kilobyte_arrival_exit_the_forest, layout_basic
D:2:      layout_basic, makhleb_grotto_becter, grunt_ministairs_1, uniq_sigmund,
          uniq_jessica
D:3:      layout_basic, old_standard_altar
D:4:      layout_cave_pools, ashenzari_conservatory_becter,
          nicolae_ru_path_of_blood, uniq_robin
D:5:      layout_layer_cave, nicolae_tso_besieged_by_evil, marbit_many_paths,
          uniq_duvessa
D:6:      layout_basic, nicolae_overflow_hidden_temple,
          minmay_temple_entry_stoned_glass, nemelex_dance_club_becter
Temple:   nicolae_temple_figure_zero

Skill      XL: |  1  2  3  4  5  6  7  8 |
---------------+-------------------------+-----
Long Blades    | 3 4 5 6 |  6.6
Dodging        | 3 4 5 |  5.0
Armour         | 1 2 3 4 |  4.1
Fighting       | 3 4 5 |  5.5
Throwing       | |  1.7

Action                   |  1- 3 |  4- 6 |  7- 9 || total
-------------------------+-------+-------+-------++-------
Melee: Long sword        |    60 |   155 |   267 ||   482
Throw: Throwing net      |       |       |     3 ||     3
Evoke: Wand              |       |       |     2 ||     2
  Use: Scroll            |     4 |     2 |     7 ||    13
       Potion            |       |       |     6 ||     6
Armor: Ring mail         |    22 |    74 |    99 ||   195
       Leather armour    |       |       |     8 ||     8
Dodge: Dodged            |    44 |   129 |   289 ||   462
       Rpst.: Long sword |    19 |    40 |    93 ||   152
